 Dungeon Crawl Stone Soup version 0.26-a0-651-gb41185065b (webtiles) character file.

Game seed: 3095881881021920470

520 lunkers the Digger (level 7, 0/46 HPs)
             Began as a Formicid Earth Elementalist on Sept 28, 2020.
             Slain by an orc
             ... wielding a +4 hand axe
              (5 damage)
             ... on level 4 of the Dungeon.
             The game lasted 00:09:17 (5996 turns).

lunkers the Digger (Formicid Earth Elementalist)    Turns: 5996, Time: 00:09:18

Health: 0/46       AC:  3    Str: 13    XL:     7   Next: 45%
Magic:  0/13       EV: 12    Int: 16    God:
Gold:   201        SH:  0    Dex: 11    Spells: 8/14 levels left

rFire    . . .     SeeInvis +   w - +1 falchion (vorpal)
rCold    . . .     Faith    .   (no shield)
rNeg     . . .     Spirit   .   c - +0 robe
rPois    .         Reflect  .   (helmet unavailable)
rElec    .         Harm     .   (no cloak)
rCorr    .         Rampage  .   n - +0 pair of gloves
MR       .....                  (no boots)
Stlth    ++........             (no amulet)
HPRegen  0.15/turn              (no ring)
MPRegen  0.13/turn              (no ring)

@: no status effects
A: permanent stasis, dig shafts and tunnels, four strong arms, antennae 3
a: Dig, Shaft Self


You were on level 4 of the Dungeon.
You visited 1 branch of the dungeon, and saw 4 of its levels.
You also visited: Sewer.

You collected 201 gold pieces.

Inventory:

Hand Weapons
 w - a +1 vorpal falchion (weapon)
Missiles
 b - a stone (quivered)
Armour
 c - a +0 robe (worn)
 n - a +0 pair of gloves (worn)
Jewellery
 m - a +6 ring of dexterity {unknown}
Scrolls
 d - 4 scrolls of identify {unknown}
 h - a scroll of magic mapping {unknown}
 o - a scroll of random uselessness {unknown}
 r - 5 scrolls of teleportation {unknown}
 u - 2 scrolls of blinking {unknown}
 v - a scroll of amnesia {unknown}
 x - a scroll of enchant weapon {unknown}
 y - 3 scrolls of fog {unknown}
 z - a scroll of fear {unknown}
Potions
 a - a potion of cancellation
 e - 2 potions of heal wounds
 f - a potion of brilliance {unknown}
 g - a potion of mutation {unknown}
 i - a potion of lignification {unknown}
 j - a potion of haste
 k - 2 potions of ambrosia {unknown}
 l - 4 potions of flight {unknown}
 p - a potion of curing {unknown}
 q - a potion of might {unknown}
 s - 2 potions of stabbing {unknown}
 t - a potion of invisibility {unknown}


   Skills:
 - Level 1.7 Dodging
 - Level 2.4 Stealth
 + Level 4.4 Spellcasting
 - Level 2.0 Conjurations
 - Level 1.1 Transmutations
 * Level 7.8 Earth Magic


You had 8 spell levels left.
You knew the following spells:

 Your Spells              Type           Power        Failure   Level
a - Stone Arrow           Conj/Erth      ###...       6%          3
b - Passwall              Tmut/Erth      ###.....     4%          2
c - Sandblast             Erth           ####..       1%          1

Your spell library contained the following spells:

 Spells                   Type           Power        Failure   Level
 Lee's Rapid Deconstruct  Erth           ####......   19%         5
 Petrify                  Tmut/Erth      ###.....     26%         4


Dungeon Overview and Level Annotations

Branches:
Dungeon (4/15)              Sewer (visited)
 Temple: D:4-7

Altars:


Innate Abilities, Weirdness & Mutations

You cannot be hasted, slowed, berserked, paralysed or teleported.
You can dig through walls and to a lower floor.
Your four strong arms can wield two-handed weapons with a shield.
You have a pair of large antennae on your head. (SInv)


Message History

Confirm with . or Enter, or press ? or * to list all spells.
Aiming: Sandblast (safe; 1% risk of failure)
Press: ? - help, Shift-Dir - straight line, f/p - orc priest
Aim: an orc priest (almost dead)
The blast of sand hits the orc priest!
You kill the orc priest!
Training target 2.0 for Conjurations reached!
Your Conjurations skill increases to level 2!
b - a stone
* * * LOW MAGIC WARNING * * *
You hit the orc.
The orc is moderately wounded.
The orc hits you with a +4 hand axe.
* * * LOW HITPOINT WARNING * * *
The orc hits you with a +4 hand axe.
* * * LOW HITPOINT WARNING * * *
You hit the orc.
The orc is almost dead.
The orc hits you with a +4 hand axe.
You die...

.....#######. .###.# ..
{ .. .. . #.#####.# #.
.$ #.....#.# #a#.#
.####.#.#..# #)#[# #
...........# #.#.#.#
.####.....###### ...#.#
.†.............####..#.#
######...###....@o.....#
##.## #.#.####...## #.#
#.#........# #.#
#.#>...#.#.# #.#
#.####.#.#.# #.# #.#
#.#.#.# #.# #.# #.#.#.#
#.# #.# #.#.#.#
#######†# ......#


You could see an orc.

Vanquished Creatures
  An ogre (D:4)
  2 hounds (D:4)
  2 orc wizards
  An orc priest (D:4)
  A worker ant (D:4)
  3 gnolls (D:2)
  7 adders
  A river rat (D:3)
  An ufetubus (D:3)
  An ooze (Sewer)
  4 worms
  2 dart slugs
  5 leopard geckos
  16 orcs
  6 giant cockroaches
  6 goblins
  5 hobgoblins
  19 jackals
  15 kobolds
  2 quokkas
  14 bats
  6 frilled lizards
  12 rats
132 creatures vanquished.

Vanquished Creatures (others)
  10 plants (D:3)
10 creatures vanquished.

Grand Total: 142 creatures vanquished

Notes
Turn   | Place    | Note
-------+----------+-------------------------------------------
     0 | D:1      | lunkers the Formicid Earth Elementalist began the quest for
                  | the Orb.
     0 | D:1      | Reached XP level 1. HP: 13/13 MP: 3/3
   522 | D:1      | Reached skill level 4 in Earth Magic
   568 | D:1      | Reached XP level 2. HP: 19/19 MP: 3/5
   921 | D:1      | Reached XP level 3. HP: 20/24 MP: 0/6
  1792 | D:2      | Reached skill level 5 in Earth Magic
  1802 | D:2      | Reached XP level 4. HP: 30/30 MP: 1/8
  2231 | D:2      | Reached XP level 5. HP: 26/35 MP: 2/9
  2657 | D:3      | Reached skill level 6 in Earth Magic
  2935 | D:3      | Found a glowing drain.
  3034 | Sewer    | Entered a sewer
  3049 | Sewer    | Learned a level 2 spell: Passwall
  3053 | Sewer    | Learned a level 3 spell: Stone Arrow
  3663 | D:3      | Reached XP level 6. HP: 41/41 MP: 1/11
  5122 | D:3      | Found a faded altar of an unknown god.
  5262 | D:4      | Reached skill level 1 in Conjurations
  5402 | D:4      | Reached skill level 7 in Earth Magic
  5646 | D:4      | Reached XP level 7. HP: 21/46 MP: 1/13
  5996 | D:4      | Slain by an orc

Illustrated notes

Levels and vault maps discovered:
D:1:      ncdulo_smallfort, layout_rooms, dk_noncrumbling_2,
          minmay_misc_feat_iff, minmay_strange_pillars
D:2:      layout_loops_ring
D:3:      layout_basic, chequers_ecumenical_altar_lobes, portal_sewer_entry_b,
          minmay_crystal_water
D:4:      layout_loops_ring

Skill      XL: |  1  2  3  4  5  6  7 |
---------------+----------------------+-----
Earth Magic    | 4 5 6 7 |  7.8
Spellcasting   | 3 4 |  4.4
Conjurations   | 1 2 |  2.0
Dodging        | |  1.7
Stealth        | |  2.4
Transmutations | |  1.1

Action                   |  1- 3 |  4- 6 |  7- 9 || total
-------------------------+-------+-------+-------++-------
Melee: Unarmed           |    12 |    36 |       ||    48
       Falchion          |       |    11 |     9 ||    20
Throw: Stone             |       |     1 |       ||     1
 Cast: Sandblast         |    64 |    93 |     3 ||   160
       Stone Arrow       |       |    43 |    12 ||    55
  Use: Potion            |       |     2 |       ||     2
Armor: Robe              |     8 |    17 |       ||    25
Dodge: Dodged            |    47 |    69 |     7 ||   123
       Rpst.: Falchion   |       |     4 |       ||     4

Table legend: (Time is in decaauts)
 A = Elapsed time spent in this place.
 B = Non-inter-level travel time spent in this place.
 C = Inter-level travel time spent in this place.
 D = Time resting spent in this place.
 E = Time spent auto-exploring this place.
 F = Levels seen in this place.
 G = Mean time per level.
                   A        B        C        D        E       F      G
               +--------+--------+--------+--------+--------+-----+--------+
         Total |   6142 |   6102 |     40 |     79 |   4917 |   5 | 1228.4 |
       Dungeon |   5396 |   5356 |     40 |     79 |   4452 |   4 | 1349.0 |
         Sewer |    746 |    746 |      0 |      0 |    464 |   1 |  746.0 |
               +--------+--------+--------+--------+--------+-----+--------+

Top non-repeatable levels by time:
     D:3: 2041 daAuts
     D:1: 1462 daAuts
     D:2: 1114 daAuts
     D:4: 777 daAuts
   Sewer: 746 daAuts
